 Dungeon Crawl Stone Soup version 0.29-a0-289-g2178c42546 (webtiles) character file.

Game seed: 5173897617967681230

1337 sanka the Ducker (level 8, 0/67 HPs)
             Began as a Gnoll Monk on Mar 17, 2022.
             Succumbed to an orc's poison
             ... on level 5 of the Dungeon.
             The game lasted 00:07:19 (6052 turns).

sanka the Ducker (Gnoll Monk)                       Turns: 6052, Time: 00:07:20

Health: 0/67       AC:  8    Str: 14    XL:     8   Next: 61%
Magic:  5/13       EV: 12    Int:  9    God:
Gold:   268        SH:  0    Dex: 14    Spells: 13/13 levels left

rFire   + . .      SeeInvis .   p - +2 flail (drain)
rCold   . . .      Faith    .   (no shield)
rNeg    . . .      Spirit   +   q - +2 scale mail {rF+}
rPois   .          Reflect  .   (no helmet)
rElec   .          Harm     .   (no cloak)
rCorr   .          Rampage  .   (no gloves)
Will    +....                   (no boots)
Stlth   ++........              h - amulet of guardian spirit
HPRegen 0.21/turn               (no ring)
MPRegen 0.13/turn               n - ring of willpower

@: lethally poisoned (0 -> -18)
A: fangs 1, strong nose, distributed training
a: no special abilities


You were on level 5 of the Dungeon.
You visited 1 branch of the dungeon, and saw 5 of its levels.
You also visited: Ossuary.

You collected 268 gold pieces.


Innate Abilities, Weirdness & Mutations

You have very sharp teeth.
Your uncanny sense of smell can sniff out nearby items.
Your experience applies equally to all skills.


   Skills:
 + Level 7.4 Fighting
 + Level 3.4 Short Blades
 + Level 3.4 Long Blades
 + Level 7.4 Axes
 + Level 3.4 Maces & Flails
 + Level 3.4 Polearms
 + Level 3.4 Staves
 + Level 3.4 Slings
 + Level 3.4 Bows
 + Level 3.4 Crossbows
 + Level 3.4 Throwing
 + Level 3.4 Armour
 + Level 7.4 Dodging
 + Level 5.4 Stealth
 + Level 3.4 Shields
 + Level 3.4 Unarmed Combat
 + Level 3.4 Spellcasting
 + Level 2.8 Conjurations
 + Level 2.8 Hexes
 + Level 2.8 Summonings
 + Level 2.8 Necromancy
 + Level 2.8 Translocations
 + Level 2.8 Transmutations
 + Level 2.8 Fire Magic
 + Level 2.8 Ice Magic
 + Level 2.8 Air Magic
 + Level 2.8 Earth Magic
 + Level 2.8 Poison Magic
 + Level 3.8 Invocations
 + Level 3.4 Evocations


You had 13 spell levels left.
You didn't know any spells.
Your spell library contained the following spells:

 Spells                   Type           Power      Damage    Failure   Level
 Conjure Flame            Conj/Fire      6%         6-21      73%         3
 Ignite Poison            Fire/Tmut/Pois 6%         N/A       73%         3
 Sticky Flame             Conj/Fire      6%         2d3       98%         4

Inventory:

Hand Weapons
 a - a +0 hand axe
 e - a +1 dagger of venom
 p - a +2 flail of draining (weapon)
 u - a +0 trident
 v - a +4 hand axe
Missiles
 o - 2 throwing nets (quivered) {=f}
Armour
 b - a +0 robe
 q - a +2 scale mail of fire resistance (worn)
Jewellery
 h - an amulet of guardian spirit (around neck)
 n - a ring of willpower (right hand)
Scrolls
 f - 5 scrolls of noise {unknown}
 i - 5 scrolls of identify {unknown}
 j - a scroll of enchant weapon {unknown}
 k - a scroll of fear {unknown}
 l - 2 scrolls of teleportation {unknown}
 s - 3 scrolls of immolation {unknown}
 y - 2 scrolls of vulnerability {unknown}
 B - a scroll of magic mapping {unknown}
 E - a scroll of holy word {unknown}
 F - a scroll of fog {unknown}
Potions
 c - 3 potions of ambrosia
 d - 2 potions of lignification {unknown}
 g - a potion of berserk rage {!q}
 m - 5 potions of curing {unknown}
 r - 3 potions of heal wounds {unknown}
 t - a potion of flight {unknown}
 w - 2 potions of mutation {unknown}
 x - a potion of invisibility {unknown}
 z - 2 potions of degeneration {unknown}
 A - 2 potions of brilliance {unknown}
 C - a potion of resistance {unknown}
 D - 2 potions of attraction {unknown}

Dungeon Overview and Level Annotations

Branches:
Dungeon (5/15)            Ossuary (visited)
 Temple: D:4-7

Altars:
Qazlal
Vehumet
Xom
Yredelemnul
The Shining One

Shops:
D:4 ((::(

∆ ▒.▒ ▒.▒ ▒▒▒.▒▒▒▒▒
........▒ ∆ ▒.▒ ▒g▒
∆ ▒.▒ ▒.▒
▒▒▒.▒▒▒5▒▒..▒ ▒
▒▒.....)oo...▒ .
▒▒.....▒▒.▒▒▒.▒ .
▒▒▒▒▒▒▒▒.......▒.▒
▒. ▒.
▒.................
∆ ▒.▒▒.▒▒
▒.▒▒▒▒▒▒.......▒▒▒▒
.....▒ ▒▒.....▒▒
.....


You could see 2 orcs and an ufetubus.


Message History

You feel very sick. The ufetubus closely misses you.
The ufetubus barely misses you.
The orc priest calls down the wrath of Beogh upon you.
Beogh smites you!
* * * LOW HITPOINT WARNING * * *
The orc hits you but does no damage. The ufetubus closely misses you.
The ufetubus hits you.
* * * LOW HITPOINT WARNING * * *
The orc hits you with a +0 flail of venom.
* * * LOW HITPOINT WARNING * * *
You are lethally poisoned!
The orc priest looks satisfied for a moment.
You hit the orc priest.
You kill the orc priest!
* * * LOW HITPOINT WARNING * * *
You feel extremely sick.
The ufetubus hits you but does no damage.
The ufetubus misses you. The orc barely misses you.
The ufetubus barely misses you. The ufetubus barely misses you.
The ufetubus attacks as you move away! The ufetubus hits you.
* * * LOW HITPOINT WARNING * * *
The ufetubus misses you.
* * * LOW HITPOINT WARNING * * *
You feel very sick.
You die...

Action                   |  1- 3 |  4- 6 |  7- 9 || total
-------------------------+-------+-------+-------++-------
Melee: Dagger            |    88 |    14 |       ||   102
       Hand axe          |     4 |       |       ||     4
       Bite              |     8 |    11 |    36 ||    55
       Punch             |     2 |     3 |     8 ||    13
       Flail             |       |   145 |   259 ||   404
 Stab: Sleeping          |     9 |     1 |     3 ||    13
       Distracted        |     1 |       |       ||     1
Armor: Robe              |     9 |     1 |       ||    10
       Scale mail        |       |    88 |   102 ||   190
Dodge: Dodged            |    60 |   112 |   155 ||   327

Levels and vault maps discovered:
D:1:      dpeg_arrival_shrine, layout_loops_ring, minmay_misc_feat_tiny
D:2:      layout_loops_ring, uniq_terence
D:3:      cheibrodos_pilgrimage, layout_basic
D:4:      layout_basic, grunt_temple_overflow_open, serial_shops,
          nicolae_shop_bloodbath_and_beyond, nicolae_stop_n_shop_2,
          nicolae_shop_trees, shop, nicolae_shop_crystal, dk_vineyard_3,
          grunt_tough_drop
D:5:      layout_loops_ring, slow_altar_1, marbit_many_paths,
          nicolae_ossuary_entry_ruins, uniq_pikel

Notes
Turn   | Place    | Note
-------+----------+-------------------------------------------
     0 | D:1      | sanka the Gnoll Monk began the quest for the Orb.
     0 | D:1      | Reached XP level 1. HP: 23/23 MP: 1/1
   527 | D:1      | Reached XP level 2. HP: 29/29 MP: 2/2
   960 | D:2      | Reached XP level 3. HP: 35/35 MP: 3/3
  1371 | D:2      | Reached skill level 1 in Invocations
  1534 | D:2      | Reached skill level 1 in Short Blades
  1534 | D:2      | Reached skill level 1 in Long Blades
  1534 | D:2      | Reached skill level 1 in Maces & Flails
  1534 | D:2      | Reached skill level 1 in Polearms
  1534 | D:2      | Reached skill level 1 in Staves
  1534 | D:2      | Reached skill level 1 in Slings
  1534 | D:2      | Reached skill level 1 in Bows
  1534 | D:2      | Reached skill level 1 in Crossbows
  1534 | D:2      | Reached skill level 1 in Throwing
  1534 | D:2      | Reached skill level 1 in Armour
  1534 | D:2      | Reached skill level 1 in Shields
  1534 | D:2      | Reached skill level 1 in Unarmed Combat
  1534 | D:2      | Reached skill level 1 in Spellcasting
  1534 | D:2      | Reached skill level 1 in Evocations
  1541 | D:2      | Reached XP level 4. HP: 32/41 MP: 5/5
  1649 | D:2      | Noticed Terence
  1658 | D:2      | Killed Terence
  1659 | D:2      | Reached skill level 1 in Conjurations
  1659 | D:2      | Reached skill level 1 in Hexes
  1659 | D:2      | Reached skill level 1 in Summonings
  1659 | D:2      | Reached skill level 1 in Necromancy
  1659 | D:2      | Reached skill level 1 in Translocations
  1659 | D:2      | Reached skill level 1 in Transmutations
  1659 | D:2      | Reached skill level 1 in Fire Magic
  1659 | D:2      | Reached skill level 1 in Ice Magic
  1659 | D:2      | Reached skill level 1 in Air Magic
  1659 | D:2      | Reached skill level 1 in Earth Magic
  1659 | D:2      | Reached skill level 1 in Poison Magic
  2094 | D:3      | Noticed a scorpion
  2105 | D:3      | Killed a scorpion
  2106 | D:3      | Reached XP level 5. HP: 32/47 MP: 5/7
  2397 | D:3      | Reached skill level 2 in Invocations
  2397 | D:3      | Reached XP level 6. HP: 53/53 MP: 8/8
  3175 | D:4      | Found Cadinih's Book Boutique.
  3202 | D:4      | Reached skill level 2 in Short Blades
  3202 | D:4      | Reached skill level 2 in Long Blades
  3202 | D:4      | Reached skill level 2 in Maces & Flails
  3202 | D:4      | Reached skill level 2 in Polearms
  3202 | D:4      | Reached skill level 2 in Staves
  3202 | D:4      | Reached skill level 2 in Slings
  3202 | D:4      | Reached skill level 2 in Bows
  3202 | D:4      | Reached skill level 2 in Crossbows
  3202 | D:4      | Reached skill level 2 in Throwing
  3202 | D:4      | Reached skill level 2 in Armour
  3202 | D:4      | Reached skill level 2 in Shields
  3202 | D:4      | Reached skill level 2 in Unarmed Combat
  3202 | D:4      | Reached skill level 2 in Spellcasting
  3202 | D:4      | Reached skill level 2 in Evocations
  3306 | D:4      | Found a radiant altar of Vehumet.
  3308 | D:4      | Found a stormy altar of Qazlal.
  3310 | D:4      | Found a glowing golden altar of the Shining One.
  3312 | D:4      | Found a shimmering altar of Xom.
  3313 | D:4      | Found a basalt altar of Yredelemnul.
  3411 | D:4      | Found Dunaloon's Weapon Shoppe.
  3526 | D:4      | Reached XP level 7. HP: 59/59 MP: 10/10
  3536 | D:4      | Reached skill level 7 in Fighting
  3536 | D:4      | Reached skill level 7 in Axes
  3536 | D:4      | Reached skill level 7 in Dodging
  3612 | D:4      | Found Vyem's Antique Weapon Shoppe.
  3840 | D:4      | Found Ciruakh's Book Boutique.
  3863 | D:4      | Reached skill level 2 in Conjurations
  3863 | D:4      | Reached skill level 2 in Hexes
  3863 | D:4      | Reached skill level 2 in Summonings
  3863 | D:4      | Reached skill level 2 in Necromancy
  3863 | D:4      | Reached skill level 2 in Translocations
  3863 | D:4      | Reached skill level 2 in Transmutations
  3863 | D:4      | Reached skill level 2 in Fire Magic
  3863 | D:4      | Reached skill level 2 in Ice Magic
  3863 | D:4      | Reached skill level 2 in Air Magic
  3863 | D:4      | Reached skill level 2 in Earth Magic
  3863 | D:4      | Reached skill level 2 in Poison Magic
  3876 | D:4      | HP: 5/60 [gnoll/+0 halberd (5)]
  4383 | D:4      | Reached skill level 5 in Stealth
  4490 | D:4      | Found Yfeat's Weapon Emporium.
  4501 | D:4      | Reached skill level 3 in Invocations
  4810 | D:5      | Entered Level 5 of the Dungeon
  4813 | D:5      | Found a sand-covered staircase.
  4852 | Ossuary  | Entered an ossuary
  4943 | Ossuary  | Noticed Menkaure
  4958 | Ossuary  | Killed Menkaure
  4959 | Ossuary  | Reached skill level 3 in Short Blades
  4959 | Ossuary  | Reached skill level 3 in Long Blades
  4959 | Ossuary  | Reached skill level 3 in Maces & Flails
  4959 | Ossuary  | Reached skill level 3 in Polearms
  4959 | Ossuary  | Reached skill level 3 in Staves
  4959 | Ossuary  | Reached skill level 3 in Slings
  4959 | Ossuary  | Reached skill level 3 in Bows
  4959 | Ossuary  | Reached skill level 3 in Crossbows
  4959 | Ossuary  | Reached skill level 3 in Throwing
  4959 | Ossuary  | Reached skill level 3 in Armour
  4959 | Ossuary  | Reached skill level 3 in Shields
  4959 | Ossuary  | Reached skill level 3 in Unarmed Combat
  4959 | Ossuary  | Reached skill level 3 in Spellcasting
  4959 | Ossuary  | Reached skill level 3 in Evocations
  4959 | Ossuary  | Reached XP level 8. HP: 60/67 MP: 10/12
  6051 | D:5      | HP: 3/67 [poisoned by an orc]
  6052 | D:5      | Succumbed to an orc's poison

Vanquished Creatures
  Menkaure (Ossuary)
  An ice beast (D:4)
  A phantom (D:4)
  2 elf zombies (Ossuary)
  4 scorpions
  2 centaur zombies (Ossuary)
  3 orc priests
  Terence (D:2)
  3 iguanas
  An orc wizard (D:4)
  3 ogre zombies (Ossuary)
  6 mummies (Ossuary)
  7 gnolls
  5 adders
  An ufetubus (D:4)
  2 adder zombies (Ossuary)
  2 worms (D:3)
  19 orcs
  3 bats
  12 endoplasms
  2 giant cockroaches
  6 hobgoblins
  10 jackals (D:2)
  6 kobolds
  4 quokkas
  8 ball pythons
  2 frilled lizards (D:2)
  5 goblins
  4 goblin zombies (Ossuary)
  4 hobgoblin zombies (Ossuary)
  4 kobold zombies (Ossuary)
  An orc zombie (Ossuary)
  4 quokka zombies (Ossuary)
  7 rats
  4 rat zombies (Ossuary)
150 creatures vanquished.
